General information
- name: BNet
- type: Ladder team game (AT/RT)
- host: Battle.net
- saver: teelo
map: Monsoon
- players: 6
- length: 33:00
- speed: Fast
- version: 1.26 W3XP
- replay type: Public
» download(255 KB)
Players
team 1 (loser)

»
teelo (
orange | 69 APM | 2262 actions | 33:00)
9 Pandaren Brewmaster
3 Breath of Fire
3 Drunken Brawler
1 Storm Earth and Fire
2 Drunken Haze
» actions
| Assign group hotkey | 289 | |
| Basic commands | 105 | |
| Build / train | 119 | |
| ESC pressed | 1 | |
| Enter build submenu | 36 | |
| Enter hero's abilities submenu | 9 | |
| Give item / drop item | 2 | |
| Remove unit from queue | 1 | |
| Right click | 666 | |
| Select / deselect | 380 | |
| Select group hotkey | 491 | |
| Use ability | 163 | |
2262 total
» units
| Wisp | 24 | |
| Archer | 24 | |
| Huntress | 2 | |
| Hippogryph | 20 | |
| Faerie Dragon | 2 | |
72 total
» upgrades
| Strength of the Wild | 1 | |
| Reinforced Hides | 1 | |
| Ultravision | 1 | |
| Improved Bows | 1 | |
| Sentinel | 1 | |
| Strength of the Moon | 3 | |
| Moon Armor | 4 | |
| Hippogryph Taming | 1 | |
| Well Spring | 1 | |
| Marksmanship | 1 | |
| Nature's Blessing | 1 | |
16 total
» buildings
| Altar of Elders | 1 | |
| Moon Well | 14 | |
| Ancient of War | 6 | |
| Ancient of Wonders | 1 | |
| Hunter's Hall | 1 | |
| Ancient Protector | 7 | |
| Tree of Ages | 2 | |
| Tree of Life | 3 | |
| Tree of Eternity | 1 | |
| Ancient of Wind | 2 | |
38 total
» build order
00:30 Altar of Elders
00:48 Moon Well
01:02 Ancient of War
01:19 Ancient of War
01:44 Ancient of Wonders
02:07 Moon Well
02:44 Moon Well
02:50 Moon Well
03:17 Hunter's Hall
04:20 Ancient Protector
04:40 Tree of Ages
05:00 Moon Well
05:30 Ancient Protector
06:06 Tree of Life
08:20 Tree of Eternity
08:22 Ancient of Wind
12:29 Ancient Protector
15:03 Moon Well
15:03 Moon Well
15:04 Moon Well
16:18 Ancient of War
16:20 Ancient of Wind
17:25 Tree of Ages
17:30 Ancient Protector
18:55 Ancient Protector
23:04 Ancient of War
23:06 Ancient of War
24:21 Moon Well
26:15 Ancient Protector
26:16 Ancient Protector
29:09 Ancient of War
29:11 Tree of Life
29:13 Tree of Life
29:22 Moon Well
29:22 Moon Well
29:22 Moon Well
29:26 Moon Well
29:29 Moon Well
» items
| Lesser Clarity Potion | 2 | |
| Dust of Appearance | 1 | |
| Scroll of Town Portal | 4 | |
| Staff of Teleportation | 1 | |
| Scroll of Healing | 1 | |
| Scroll of Regeneration | 1 | |
| Potion of Healing | 2 | |
| Orb of Fire | 1 | |
| Staff of Sanctuary | 1 | |
| Orb of Venom | 1 | |
15 total

»
PLEXUS (
pink | 60 APM | 1920 actions | 32:15)
3 Archmage
2 Summon Water Elemental
1 Brilliance Aura
3 Mountain King
2 Storm Bolt
1 Bash
» actions
| Assign group hotkey | 43 | |
| Basic commands | 40 | |
| Build / train | 59 | |
| Enter build submenu | 23 | |
| Enter hero's abilities submenu | 6 | |
| Right click | 928 | |
| Select / deselect | 509 | |
| Select group hotkey | 248 | |
| Use ability | 64 | |
1920 total
» units
| Peasant | 14 | |
| Footman | 8 | |
| Gryphon Rider | 4 | |
| Dragonhawk Rider | 3 | |
29 total
» upgrades
» buildings
| Farm | 7 | |
| Altar of Kings | 1 | |
| Barracks | 1 | |
| Scout Tower | 5 | |
| Arcane Tower | 1 | |
| Arcane Vault | 1 | |
| Lumber Mill | 1 | |
| Town Hall | 1 | |
| Guard Tower | 3 | |
| Keep | 1 | |
| Castle | 1 | |
| Gryphon Aviary | 3 | |
| Blacksmith | 1 | |
27 total
» build order
00:07 Farm
00:11 Altar of Kings
00:40 Barracks
01:05 Farm
01:24 Scout Tower
01:45 Farm
01:55 Arcane Tower
02:29 Farm
03:11 Arcane Vault
04:17 Lumber Mill
04:21 Town Hall
04:38 Scout Tower
04:45 Farm
05:02 Farm
05:15 Scout Tower
05:21 Guard Tower
05:49 Guard Tower
05:52 Scout Tower
06:15 Keep
07:49 Guard Tower
07:52 Farm
09:08 Castle
09:50 Gryphon Aviary
09:51 Gryphon Aviary
11:05 Gryphon Aviary
12:12 Scout Tower
12:22 Blacksmith
» items
| Scroll of Regeneration | 6 | |
| Lesser Clarity Potion | 3 | |
| Scroll of Town Portal | 1 | |
| Potion of Invisibility | 1 | |
| Potion of Lesser Invulnerability | 1 | |
| Potion of Healing | 1 | |
| Staff of Sanctuary | 1 | |
14 total
thebadman (
purple | 43 APM | 1398 actions | 32:20)
5 Goblin Tinker
3 Pocket Factory
2 Cluster Rockets
4 Beastmaster
2 Summon Bear
2 Summon Hawk
» actions
| Assign group hotkey | 14 | |
| Basic commands | 26 | |
| Build / train | 162 | |
| Enter build submenu | 22 | |
| Enter hero's abilities submenu | 9 | |
| Give item / drop item | 1 | |
| Remove unit from queue | 3 | |
| Right click | 437 | |
| Select / deselect | 464 | |
| Select group hotkey | 52 | |
| Use ability | 208 | |
1398 total
» units
| Peasant | 21 | |
| Mortar Team | 17 | |
| Sorceress | 5 | |
| Priest | 1 | |
44 total
» upgrades
| Masonry | 2 | |
| Gunpowder | 3 | |
| Lumber Harvesting | 1 | |
| Flare | 1 | |
| Sorceress Training | 2 | |
| Priest Training | 2 | |
| Magic Sentry | 1 | |
| Armor | 2 | |
| Fragmentation Shards | 1 | |
| Barrage | 1 | |
| Control Magic | 1 | |
17 total
» buildings
| Farm | 11 | |
| Scout Tower | 3 | |
| Lumber Mill | 1 | |
| Altar of Kings | 1 | |
| Guard Tower | 33 | |
| Keep | 4 | |
| Blacksmith | 1 | |
| Workshop | 2 | |
| Arcane Sanctum | 1 | |
| Arcane Vault | 1 | |
| Castle | 2 | |
| Town Hall | 1 | |
61 total
» build order
00:22 Farm
00:36 Scout Tower
00:55 Lumber Mill
01:05 Farm
01:10 Farm
01:48 Scout Tower
01:52 Altar of Kings
02:05 Guard Tower
02:05 Guard Tower
02:09 Farm
02:20 Guard Tower
02:20 Guard Tower
02:20 Guard Tower
02:21 Guard Tower
02:32 Farm
02:48 Scout Tower
03:03 Farm
03:17 Keep
03:17 Keep
03:17 Keep
03:18 Keep
03:25 Guard Tower
03:25 Guard Tower
03:25 Guard Tower
03:46 Blacksmith
05:44 Workshop
05:48 Workshop
05:54 Arcane Sanctum
06:05 Arcane Vault
09:30 Farm
09:32 Farm
09:38 Farm
10:23 Farm
10:25 Farm
14:32 Castle
14:32 Castle
15:52 Guard Tower
15:52 Guard Tower
15:52 Guard Tower
15:54 Guard Tower
16:07 Guard Tower
16:08 Guard Tower
16:08 Guard Tower
21:09 Guard Tower
21:20 Guard Tower
21:20 Guard Tower
21:20 Guard Tower
21:25 Guard Tower
21:25 Guard Tower
24:40 Guard Tower
25:51 Guard Tower
25:51 Guard Tower
25:51 Guard Tower
26:03 Town Hall
» items
| Ivory Tower | 13 | |
| Scroll of Regeneration | 1 | |
| Scroll of Town Portal | 3 | |
| Orb of Fire | 2 | |
19 total
team 2 (winner)
dacron (
blue | 173 APM | 5714 actions | 33:00)
7 Mountain King
3 Storm Bolt
3 Bash
1 Avatar
5 Paladin
3 Holy Light
2 Divine Shield
» actions
| Assign group hotkey | 43 | |
| Basic commands | 327 | |
| Build / train | 118 | |
| ESC pressed | 3 | |
| Enter build submenu | 37 | |
| Enter hero's abilities submenu | 12 | |
| Give item / drop item | 7 | |
| Right click | 2110 | |
| Select / deselect | 1309 | |
| Select group hotkey | 1537 | |
| Use ability | 211 | |
5714 total
» units
| Peasant | 16 | |
| Footman | 15 | |
| Knight | 7 | |
| Dragonhawk Rider | 4 | |
| Peon | 6 | |
48 total
» upgrades
| Defend | 1 | |
| Swords | 1 | |
| Lumber Harvesting | 1 | |
| Plating | 2 | |
| Animal War Training | 1 | |
| Cloud | 1 | |
7 total
» buildings
| Barracks | 2 | |
| Farm | 17 | |
| Altar of Kings | 1 | |
| Lumber Mill | 3 | |
| Scout Tower | 1 | |
| Arcane Tower | 2 | |
| Arcane Vault | 1 | |
| Keep | 4 | |
| Town Hall | 2 | |
| Blacksmith | 2 | |
| Castle | 3 | |
| Gryphon Aviary | 2 | |
| Altar of Storms | 2 | |
| Orc Burrow | 2 | |
44 total
» build order
00:14 Barracks
00:20 Farm
00:22 Altar of Kings
00:49 Farm
01:32 Lumber Mill
01:45 Scout Tower
01:59 Farm
02:21 Arcane Tower
02:22 Arcane Tower
02:52 Farm
03:49 Arcane Vault
04:30 Keep
04:30 Keep
05:12 Farm
05:40 Town Hall
05:58 Blacksmith
06:17 Farm
07:26 Castle
07:26 Castle
07:55 Barracks
07:57 Farm
10:18 Lumber Mill
10:23 Farm
12:01 Gryphon Aviary
12:03 Gryphon Aviary
14:30 Farm
15:02 Blacksmith
15:04 Farm
17:47 Town Hall
18:48 Farm
18:51 Farm
19:28 Farm
19:40 Farm
19:52 Farm
19:54 Farm
22:27 Farm
22:29 Keep
22:29 Keep
22:48 Lumber Mill
29:37 Altar of Storms
30:08 Altar of Storms
31:07 Orc Burrow
31:09 Orc Burrow
» items
| Lesser Clarity Potion | 7 | |
| Scroll of Regeneration | 3 | |
| Scroll of Town Portal | 4 | |
| Boots of Speed | 2 | |
| Periapt of Vitality | 3 | |
| Potion of Healing | 2 | |
| Orb of Fire | 1 | |
| Circlet of Nobility | 2 | |
| Potion of Lesser Invulnerability | 3 | |
| Potion of Mana | 2 | |
29 total

»
fox[cg] (
teal | 106 APM | 3484 actions | 33:00)
6 Archmage
3 Summon Water Elemental
2 Brilliance Aura
1 Mass Teleport
5 Mountain King
3 Storm Bolt
2 Thunder Clap
» actions
| Assign group hotkey | 67 | |
| Basic commands | 371 | |
| Build / train | 197 | |
| ESC pressed | 1 | |
| Enter build submenu | 45 | |
| Enter hero's abilities submenu | 11 | |
| Give item / drop item | 1 | |
| Right click | 1269 | |
| Select / deselect | 560 | |
| Select group hotkey | 678 | |
| Use ability | 284 | |
3484 total
» units
| Peasant | 32 | |
| Footman | 20 | |
| Priest | 3 | |
| Flying Machine | 1 | |
| Gryphon Rider | 3 | |
| Dragonhawk Rider | 4 | |
| Siege Engine | 10 | |
73 total
» upgrades
| Masonry | 2 | |
| Lumber Harvesting | 2 | |
| Swords | 1 | |
| Priest Training | 2 | |
| Storm Hammers | 1 | |
| Armor | 1 | |
| Gunpowder | 1 | |
| Barrage | 1 | |
11 total
» buildings
| Farm | 14 | |
| Altar of Kings | 1 | |
| Barracks | 1 | |
| Town Hall | 2 | |
| Arcane Vault | 1 | |
| Keep | 14 | |
| Lumber Mill | 3 | |
| Scout Tower | 10 | |
| Blacksmith | 1 | |
| Guard Tower | 21 | |
| Arcane Sanctum | 1 | |
| Workshop | 3 | |
| Castle | 5 | |
| Gryphon Aviary | 3 | |
| Cannon Tower | 1 | |
81 total
» build order
00:13 Farm
00:18 Altar of Kings
00:24 Farm
00:27 Barracks
01:37 Farm
03:23 Town Hall
04:07 Arcane Vault
04:08 Keep
04:09 Keep
04:09 Keep
04:22 Lumber Mill
04:58 Farm
05:18 Scout Tower
05:21 Scout Tower
05:34 Blacksmith
05:51 Guard Tower
05:52 Guard Tower
05:52 Guard Tower
05:55 Guard Tower
05:55 Guard Tower
05:56 Guard Tower
05:58 Scout Tower
06:01 Farm
06:04 Scout Tower
06:06 Scout Tower
06:07 Farm
06:46 Guard Tower
06:47 Guard Tower
06:52 Arcane Sanctum
07:41 Guard Tower
07:42 Guard Tower
07:47 Workshop
08:27 Castle
08:27 Castle
08:27 Castle
08:44 Gryphon Aviary
09:39 Gryphon Aviary
09:46 Gryphon Aviary
09:52 Guard Tower
09:53 Guard Tower
09:53 Guard Tower
09:55 Farm
09:56 Farm
11:26 Lumber Mill
12:32 Farm
14:20 Town Hall
14:33 Scout Tower
14:37 Scout Tower
14:39 Scout Tower
15:06 Farm
16:04 Cannon Tower
16:32 Keep
16:32 Keep
16:33 Keep
16:33 Keep
16:36 Keep
16:36 Keep
18:17 Scout Tower
18:22 Scout Tower
19:04 Guard Tower
19:04 Guard Tower
19:04 Guard Tower
19:08 Castle
19:50 Farm
19:53 Farm
19:54 Farm
19:56 Farm
21:58 Workshop
22:56 Workshop
23:51 Lumber Mill
» items
| Scroll of Regeneration | 7 | |
| Potion of Healing | 5 | |
| Lesser Clarity Potion | 1 | |
| Scroll of Town Portal | 3 | |
| Potion of Lesser Invulnerability | 1 | |
| Scroll of Healing | 1 | |
| Scroll of Protection | 1 | |
| Staff of Sanctuary | 1 | |
| Orb of Fire | 1 | |
21 total
inthematrix (
yellow | 117 APM | 3283 actions | 28:05)
5 Far Seer
3 Feral Spirit
2 Chain Lighting
4 Tauren Chieftain
2 Endurance Aura
2 War Stomp
» actions
| Assign group hotkey | 33 | |
| Basic commands | 138 | |
| Build / train | 66 | |
| ESC pressed | 5 | |
| Enter build submenu | 37 | |
| Enter hero's abilities submenu | 9 | |
| Right click | 1291 | |
| Select / deselect | 868 | |
| Select group hotkey | 762 | |
| Use ability | 72 | |
3283 total
» units
| Peon | 15 | |
| Grunt | 12 | |
| Wind Rider | 3 | |
| Shaman | 4 | |
| Raider | 4 | |
| Demolisher | 1 | |
39 total
» upgrades
| Armor | 3 | |
| Melee Weapons | 3 | |
| Spiked Barricades | 1 | |
| Shaman Training | 2 | |
| Ensnare | 1 | |
10 total
» buildings
| Altar of Storms | 1 | |
| Orc Burrow | 18 | |
| Barracks | 1 | |
| War Mill | 1 | |
| Voodoo Lounge | 1 | |
| Stronghold | 2 | |
| Watch Tower | 4 | |
| Beastiary | 1 | |
| Spirit Lodge | 1 | |
| Great Hall | 3 | |
| Fortress | 1 | |
34 total
» build order
00:05 Altar of Storms
00:06 Orc Burrow
00:35 Barracks
01:55 Orc Burrow
03:13 War Mill
04:09 Orc Burrow
04:46 Orc Burrow
06:44 Voodoo Lounge
06:46 Stronghold
08:35 Watch Tower
09:24 Orc Burrow
09:26 Beastiary
09:29 Orc Burrow
10:03 Orc Burrow
10:09 Spirit Lodge
11:12 Great Hall
15:23 Great Hall
16:21 Watch Tower
16:25 Watch Tower
16:30 Fortress
16:43 Watch Tower
22:11 Orc Burrow
22:12 Orc Burrow
22:17 Orc Burrow
22:18 Orc Burrow
22:20 Orc Burrow
22:25 Orc Burrow
22:28 Orc Burrow
22:31 Orc Burrow
22:35 Orc Burrow
23:07 Stronghold
25:53 Great Hall
26:04 Orc Burrow
27:01 Orc Burrow
» items
| Healing Salve | 2 | |
| Potion of Healing | 1 | |
3 total
Chat log
(01:24 / Allies) teelo: fuuuuuuuuuuuuuuuuuuuu
(01:31 / Allies) teelo: critter in the way
(01:32 / Allies) teelo: lol
(08:07 / Allies) teelo: how far from keep?
(08:31 / Allies) teelo: pink?
(16:05 / Allies) teelo: yeah I wouldn't say a word to my team all game either
(16:07 / Allies) teelo: you fucking asians
(32:37 / All) teelo: might interest you guys to know that my team didnt say a word all game
(32:45 / All) dacron: ...
(32:45 / All) teelo: gg boys, was fun